[Event "*** Titled Tuesday Blitz"]
[Site "Chess.com"]
[Date "2019.08.06"]
[Round "3"]
[White "Thee-Chessboy"]
[Black "jposthuma"]
[Result "1-0"]
[WhiteElo "2406"]
[BlackElo "2442"]
[TimeControl "180+2"]
[EndTime "13:37:59 PDT"]
[Termination "Thee-Chessboy won by resignation"]

1. d4 Nf6 2. c4 c5 3. Nf3 g6 4. g3 Bg7 5. Bg2 O-O 6. O-O Nc6 7. Nc3 cxd4 8. Nxd4 Nxd4 9. Qxd4 d6 10. Qh4 Be6 11. Rd1 Qa5 12. Bd2 Qh5 13. Qxh5 Nxh5 14. b3 Rab8 15. Rac1 Nf6 16. Be3 b6 17. Nb5 a5 18.
Nd4 Bd7 19. Nc6 Bxc6 20. Bxc6 Rfc8 21. Bf3 Nd7 22. Bg4 f5 23. Bf3 Nf6 24. h3 Kf7 25. g4 Nd7 26. Bd5+ e6 27. Bf3 Ke7 28. Bg2 Bf6 29. Rd2 Ne5 30. Rcd1 Rd8 31. f4 Nf7 32. g5 Bc3 33. Rd3 Bb4 34. h4 Bc5 35. Kf2 e5 36. Bxc5 dxc5 37. Bd5 e4 38. R3d2 Nd6 39. Bc6 Nf7 40.
Rd7+ Ke6 41. Ke3 Rbc8 42. Bb5 Rb8 43. R1d5 Ra8 44. a3 Rab8 45. a4 Ra8 46. Rb7 Rxd5 47. cxd5+ Kxd5 48. Bc4+ Kc6 49. Rxf7 Rh8 50. Rf6+ Kc7 51.
h5 gxh5 52. Rh6 Rd8 53. Rxh7+ Kc6 54. Rxh5 Rd1 55. g6 Rg1 56. Rg5 1-0

[Event "*** Titled Tuesday Blitz"]
[Site "Chess.com"]
[Date "2019.08.06"]
[Round "3"]
[White "Shahinyan_ChessMood"]
[Black "severomorskij"]
[Result "1-0"]
[WhiteElo "2765"]
[BlackElo "2840"]
[TimeControl "180+2"]
[EndTime "13:38:01 PDT"]
[Termination "Shahinyan_ChessMood won by resignation"]

1. e4 c5 2. Nc3 Nc6 3. Bb5 Nd4 4. Nf3 g6 5. Nxd4 cxd4 6. Ne2 Bg7 7. O-O Nf6 8. d3 O-O 9. Ba4 e5 10. f4 d6 11.
fxe5 dxe5 12. Bg5 Qb6 13. Qd2 Ng4 14. Bb3 Be6 15. h3 Ne3 16. Bxe3 dxe3 17. Qe1 Bxb3 18. axb3 f5 19. exf5 gxf5 20. Ra4 f4 21. Qb4 Rac8 22.
Qxb6 axb6 23. Nc3 e4 24. Rxe4 Bxc3 25. bxc3 Rxc3 26. Rc4 Rxc4 27. bxc4 Kg7 28. Rf3 Kg6 29. g3 Re8 30. Kf1 e2+ 31. Ke1 fxg3 32. Rxg3+ Kh5 33. Rg7 h6 34. Rxb7 Re6 35. Rf7 Kh4 36.
Rf3 h5 37. c3 Re8 38. d4 Re4 39. Rd3 Kg5 40. d5 Rxc4 41. d6 Rc8 42. Kxe2 Rd8 43.
d7 Kf6 44. Kf3 Ke7 45. Ke4 h4 46. Kf5 b5 47. Kg5 Rg8+ 48. Kxh4 Kd8 49. Kh5 Rg2 50. h4 Rg1 51. Kh6 Rg4 52. h5 b4 53. cxb4 Rxb4 54. Kg5 Rb5+ 55. Kg6 Rb6+ 56. Kg7 Rb1 57. Rd6 Rg1+ 58. Rg6 Rh1 59. h6 1-0

[Event "*** Titled Tuesday Blitz"]
[Site "Chess.com"]
[Date "2019.08.06"]
[Round "3"]
[White "Zq1"]
[Black "imdvb6307"]
[Result "0-1"]
[WhiteElo "2577"]
[BlackElo "2397"]
[TimeControl "180+2"]
[EndTime "13:38:02 PDT"]
[Termination "imdvb6307 won by resignation"]

1. d4 Nf6 2. c4 c6 3. Bf4 d5 4.
e3 Bf5 5. Nc3 Qb6 6. Qb3 Na6 7.
c5 Qxb3 8. axb3 Nb4 9. Kd2 e6 10. f3 Be7 11. g4 Bg6 12. h4 h5 13. g5 Nd7 14. Ra4 a5 15. Ra1 f6 16. Nge2 Kf7 17.
Nc1 Rhc8 18. Nd3 b6 19. cxb6 Nxb6 20. Nxb4 axb4 21. Na4 Nd7 22. gxf6 gxf6 23. Bd3 Bxd3 24. Kxd3 e5 25. Bh2 Rg8 26. Rhg1 Rxg1 27. Rxg1 Rg8 28.
Rxg8 Kxg8 29. e4 Kf7 30. Bg3 Ke6 31. Bf2 f5 32. exf5+ Kxf5 33. Be1 e4+ 34. Ke2 Bd6 35. Bf2 Nf8 36. Nc5 Ne6 37. Nxe6 Kxe6 38. Be3 Kf5 39. Bg5 Bf8 40. Ke3 exf3 41. Kxf3 Bg7 42. Ke3 Bf6 43. Bxf6 Kxf6 44. Kf2 Ke6 45. Ke3 Kd6 46. Kf4 c5 47.
dxc5+ Kxc5 48. Ke5 Kc6 49. Kf4 Kd6 50. Kf5 d4 51. Ke4 Kc5 52. Kf3 Kd5 53. Kf4 d3 54.
Ke3 d2 55. Kxd2 Ke4 56. Ke2 Kf4 57. Kd3 Kg4 58. Kc4 Kxh4 59. Kxb4 Kg4 60. Kc5 h4 61. b4 h3 62. b5 h2 63. b6 h1=Q 0-1

[Event "*** Titled Tuesday Blitz"]
[Site "Chess.com"]
[Date "2019.08.06"]
[Round "3"]
[White "Rhemmy"]
[Black "Amirreza_p"]
[Result "0-1"]
[WhiteElo "2503"]
[BlackElo "2832"]
[TimeControl "180+2"]
[EndTime "13:38:05 PDT"]
[Termination "Amirreza_p won by resignation"]

1. e4 e6 2. d4 d5 3. Nd2 Be7 4. Bd3 c5 5. dxc5 Nf6 6. Qe2 O-O 7. Ngf3 a5 8. O-O Na6 9. a3 Nxc5 10. exd5 exd5 11. Nb3 Nce4 12. Nbd4 Bg4 13. c3 Re8 14. Qc2 Bd6 15. h3 Bh5 16. Be3 Rc8 17. Rae1 Bb8 18. Nb5 Bxf3 19. gxf3 Nd6 20. Nd4 Qc7 21. Kg2 Nc4 22. Rh1 Nxe3+ 23. Rxe3 g6 24. Ne2 Nh5 25. Kf1 Ba7 26. Rxe8+ Rxe8 27. Qa4 Re7 28. Qh4 Re6 29. Rg1 Nf6 30. Nd4 Bxd4 31. Qxd4 Qd6 32. Rg5 Qh2 33.
Bf5 Qh1+ 34. Rg1 Re1+ 35. Kxe1 Qxg1+ 36. Ke2 Kg7 37. Bc8 Qc1 38. Qd2 Qxd2+ 39. Kxd2 b6 40. Ke3 Kf8 41. Kd4 Ke7 42. Ke5 g5 43. Bb7 Nh5 44. Bxd5 Nf4 45. Be4 Nxh3 46. Bxh7 Nxf2 47.
c4 a4 48. Kd5 Nd1 49. Kc6 Nxb2 50. Kxb6 Nxc4+ 51. Kb5 Nxa3+ 52. Kxa4 Nc4 53. Kb4 Nd2 54. f4 g4 55. Bf5 g3 56. Bh3 Nf3 57. Kc3 Nh4 58.
Kd4 g2 59. Bxg2 Nxg2 60. f5 Kf6 61. Ke4 Nh4 62. Kf4 Nxf5 63. Kg4 Kg6 64. Kf4 Ng7 65. Ke5 0-1

[Event "*** Titled Tuesday Blitz"]
[Site "Chess.com"]
[Date "2019.08.06"]
[Round "3"]
[White "nOcHeaTiNgKiD"]
[Black "Frolik67"]
[Result "0-1"]
[WhiteElo "2441"]
[BlackElo "2622"]
[TimeControl "180+2"]
[EndTime "13:38:05 PDT"]
[Termination "Frolik67 won on time"]

1. Nf3 d5 2. g3 c5 3. Bg2 Nc6 4. d4 Nf6 5. O-O Bg4 6. Ne5 Bf5 7. Nxc6 bxc6 8. c4 e6 9. Nc3 Be7 10. dxc5 Bxc5 11. Qa4 Qd7 12. Bg5 Be7 13. Rfd1 O-O 14. e4 Bg4 15. f3 Bh5 16. cxd5 exd5 17. Bxf6 Bxf6 18. Nxd5 Qd6 19. Nxf6+ Qxf6 20. Qd4 Qe7 21. Qd6 Qb7 22. b3 h6 23. Rac1 Rac8 24. g4 Bg6 25. Qc5 Kh7 26. h4 f6 27. h5 Bf7 28. Bf1 Rfd8 29. Kg2 Qc7 30. Qf5+ Kh8 31. Bd3 Bg8 32. Bb1 Qb6 33. Qf4 Qb4 34. Qe3 a5 35. Qe2 a4 36. Bc2 axb3 37. axb3 Ra8 38. Rxd8 Rxd8 39. Rd1 Ra8 40. Qd2 Qxd2+ 41. Rxd2 Ra2 42. Re2 Bxb3 43.
Bd3 Rxe2+ 44. Bxe2 Kg8 45. Kf2 Kf7 46. Ke3 Ke6 47.
Kd4 Kd6 48. f4 c5+ 49. Kc3 Ba2 50. Bd3 Be6 51. Be2 Bc8 52. Bf3 Bd7 53. Be2 Bc6 54. Bf3 Bb5 55. Bd1 Bf1 56. Bf3 Ke6 57. Kd2 Kd7 58. Kc3 Kd6 59. Kd2 Kc7 60. Kc3 Kb6 61. e5 fxe5 62. fxe5 Kc7 63. Be4 Be2 64. Bf5 Kc6 65. e6 Kd6 66. Kb3 Bf3 67. Kc3 Bd5 68. Bd3 Bxe6 69. Be2 Ke5 70. Kd3 Kf4 0-1

[Event "*** Titled Tuesday Blitz"]
[Site "Chess.com"]
[Date "2019.08.06"]
[Round "3"]
[White "DiogenesSinopeus"]
[Black "Kirill_Kopenkin"]
[Result "1-0"]
[WhiteElo "2415"]
[BlackElo "2413"]
[TimeControl "180+2"]
[EndTime "13:38:07 PDT"]
[Termination "DiogenesSinopeus won by resignation"]

1. d4 Nf6 2. c4 g6 3. Nc3 Bg7 4. e4 d6 5. Nf3 O-O 6. Be2 e5 7.
dxe5 dxe5 8. Qxd8 Rxd8 9. Nd5 Nxd5 10. cxd5 c6 11. Bc4 b5 12. Bb3 Bb7 13. Bg5 Rd7 14.
Rc1 a5 15. Ke2 a4 16. dxc6 Nxc6 17. Bd5 Nd4+ 18. Nxd4 Bxd5 19. exd5 exd4 20. Rc5 a3 21. b3 b4 22. Rhc1 Be5 23. Kd3 Kg7 24. R1c4 Bd6 25.
Rb5 Re8 26. Rc2 Re1 27. Kxd4 Bxh2 28. g3 Bg1 29. Be3 Rd1+ 30. Ke4 Re7+ 31. Kf3 Re5 32. Kg2 Rh5 33. Rxb4 Rh2+ 34. Kf3 Rxd5 35. Rc1 Rf5+ 36. Rf4 Rxf4+ 37. gxf4 Rh3+ 38. Kg2 Rxe3 39. fxe3 Bxe3 40. Rc4 Kf6 41. Kf3 Bd2 42. b4 Ke6 43. b5 Kd5 44. Rc8 Ba5 45. Ra8 Bb4 46. b6 Kc6 47. Ra7 Kxb6 48. Rxf7 Kc5 49. Rxh7 Kc4 50. Rg7 Kc3 51. Rxg6 Kc2 52. Rb6 Bc3 53. f5 Bb2 54. f6 Bxf6 55. Rxf6 Kb2 56. Ke3 Kxa2 57. Kd3 Kb2 58.
Rf2+ Kb1 59. Kc3 Ka1 60. Kb3 1-0

[Event "*** Titled Tuesday Blitz"]
[Site "Chess.com"]
[Date "2019.08.06"]
[Round "3"]
[White "marcodobrikov"]
[Black "Walter_White_Poland"]
[Result "1-0"]
[WhiteElo "2429"]
[BlackElo "2320"]
[TimeControl "180+2"]
[EndTime "13:38:07 PDT"]
[Termination "marcodobrikov won by resignation"]

1. e4 e5 2. Nf3 Nc6 3. Bc4 Nf6 4. Ng5 d5 5. exd5 Na5 6. Bb5+ c6 7. dxc6 bxc6 8. Be2 h6 9. Nh3 g5 10. d3 Bg7 11. Nc3 O-O 12. f3 Bxh3 13. gxh3 Nh5 14. h4 g4 15. Be3 Qxh4+ 16. Kd2 Rfd8 17. fxg4 Nc4+ 18. Kc1 Nxe3 19. Qg1 Nd5 20. gxh5 Nxc3 21. bxc3 Qf4+ 22. Kd1 e4 23. Qg2 exd3 24. cxd3 Kh8 25.
Rc1 Rab8 26. Rg1 Bf6 27. Qg4 Qe3 28. Rg3 Qe5 29. Rf3 Rb2 30. Rf5 Qe6 31. Rf4 Bg5 32.
Qxe6 fxe6 33. Re4 Bxc1 34. Kxc1 Rxa2 35. Rxe6 Rg8 36. Rxh6+ Kg7 37. Rg6+ Kf8 38. Bf3 Rxh2 39. Bxc6 a5 40. Rxg8+ Kxg8 41. Bf3 a4 42. Kb1 a3 43. c4 Kf7 44. d4 Ke6 45. c5 Kf5 46. d5 Kf4 47. d6 Kxf3 48. d7 Rb2+ 49. Ka1 Rd2 50. c6 Kg4 51. h6 Kg5 52. h7 Rd1+ 53.
Ka2 Rd2+ 54. Kxa3 Rd3+ 55. Kb2 1-0

[Event "*** Titled Tuesday Blitz"]
[Site "Chess.com"]
[Date "2019.08.06"]
[Round "3"]
[White "HrvojeZagreb"]
[Black "Karina_Ivanova"]
[Result "0-1"]
[WhiteElo "2013"]
[BlackElo "2165"]
[TimeControl "180+2"]
[EndTime "13:38:11 PDT"]
[Termination "Karina_Ivanova won by resignation"]

1. d4 Nf6 2. Bf4 e6 3. e3 c5 4. c3 b6 5. Nd2 Bb7 6. Nc4 d5 7.
Ne5 Nbd7 8. Ngf3 Be7 9. Bd3 O-O 10. Ng5 h6 11. h4 Ne4 12. f3 Nxe5 13. dxe5 Nxg5 14.
hxg5 Bxg5 15. Qa4 c4 16. Bb1 g6 17. Qc2 Kg7 18. Qf2 Bxf4 19. exf4 Rh8 20. Bc2 Qe7 21.
O-O-O Rag8 22. g4 Kf8 23. Qd4 Qc5 24. Qd2 Ke7 25. f5 gxf5 26. gxf5 h5 27. Rh4 Kd7 28. b4 cxb3 29. axb3 Rg1 30. b4 Rxd1+ 31. Bxd1 Qe7 32. Rd4 Bc6 33. f4 h4 34. Bg4 Kc7 35. f6 Qf8 36. f5 Bd7 37. fxe6 Bxe6 38. Bxe6 fxe6 39. c4 h3 40.
cxd5 h2 41. Qc2+ Kb8 42. dxe6 h1=Q+ 43. Kb2 Qc8 44. e7 Qxc2+ 45. Kxc2 Rh2+ 46. Rd2 Qe4+ 47. Kc3 Qe3+ 48. Rd3 Qxe5+ 49. Kb3 Qe6+ 50. Kc3 Qxf6+ 51. Kb3 Qxe7 52. Re3 Qf7+ 53. Kc3 Qf6+ 54. Kb3 Qf7+ 55. Kc3 Rf2 56. Rd3 Rf3 0-1

[Event "*** Titled Tuesday Blitz"]
[Site "Chess.com"]
[Date "2019.08.06"]
[Round "3"]
[White "tigra"]
[Black "Fandorine"]
[Result "0-1"]
[WhiteElo "2727"]
[BlackElo "2888"]
[TimeControl "180+2"]
[EndTime "13:38:13 PDT"]
[Termination "Fandorine won by resignation"]

1. e4 e5 2. Nf3 Nc6 3. Bc4 Bc5 4. c3 Nf6 5. d3 d6 6. Bb3 a5 7. Nbd2 O-O 8. O-O Be6 9. Ba4 h6 10. h3 Qb8 11. Qe2 b5 12. Bc2 b4 13. Ba4 Ne7 14.
d4 exd4 15. cxd4 Bb6 16. d5 Bd7 17. Bxd7 Nxd7 18. Nc4 Ng6 19. Nh2 Nf6 20. Ng4 Nxg4 21. hxg4 Bd4 22. Rd1 Bf6 23. a4 bxa3 24. Rxa3 Qb5 25.
Kf1 Rfe8 26. f3 a4 27. g3 Rab8 28. Re3 Ne5 29. Na3 Qxe2+ 30. Kxe2 Nd7 31. Rd2 Nc5 32. Rc2 Bd4 33. Nc4 Bxe3 34. Bxe3 Nb3 35. Na3 Na1 36. Rd2 Rb4 37. Bd4 Nb3 38. Nc2 Rc4 39. Bc3 Nxd2 40.
Kxd2 c6 41. dxc6 Rxc6 42. Nb4 Rb6 43. Nd5 Rb3 44. Kc2 f6 45. Nc7 Rc8 46. Nd5 Kf7 47. f4 Ke6 48. f5+ Kd7 49. Kd3 Rc5 50. Kd4 a3 51. bxa3 Rxa3 52. Be1 Rc1 53. Bb4 Rxg3 54. Nf4 Rxg4 55. Ne6 Ra1 56. Nf8+ Ke7 57. Ne6 Ra4 0-1

[Event "*** Titled Tuesday Blitz"]
[Site "Chess.com"]
[Date "2019.08.06"]
[Round "3"]
[White "Marcus_Harvey"]
[Black "Cruel_Yaro"]
[Result "1/2-1/2"]
[WhiteElo "2770"]
[BlackElo "2755"]
[TimeControl "180+2"]
[EndTime "13:38:16 PDT"]
[Termination "Game drawn by repetition"]

1. d4 Nf6 2. Nf3 g6 3. b3 Bg7 4. Bb2 c5 5. e3 cxd4 6. Nxd4 O-O 7. c4 d5 8. cxd5 Nxd5 9. Bc4 Nb6 10. Be2 Nc6 11. O-O Nxd4 12. Bxd4 Bxd4 13. exd4 Be6 14. Bf3 Bd5 15. Nc3 Bxf3 16. Qxf3 Qxd4 17. Rad1 Qf6 18. Qxf6 exf6 19. Ne4 f5 20. Nc5 Rab8 21. Nd7 Nxd7 22. Rxd7 Rfd8 23. Rfd1 Rxd7 24. Rxd7 Rc8 25. g3 Rb8 26. b4 a6 27. a3 b5 28. Rd6 Ra8 29.
Rb6 h5 30. h4 Kg7 31. Kg2 f6 32. Rb7+ Kh6 33. Rb6 Kg7 34. f4 Ra7 35. Kf2 Ra8 36.
Ke3 Ra7 37. Kd4 Rd7+ 38. Kc5 Rd3 39. Rxa6 Rxg3 40. Kxb5 g5 41. hxg5 fxg5 42. fxg5 Rxg5 43. Rc6 f4+ 44. Kc4 h4 45. Kd4 h3 46. Rc1 Rg2 47. a4 Re2 48. a5 f3 49. a6 f2 50. Rf1 h2 51. a7 Ra2 52. Rxf2 h1=Q 53. Rxa2 Qd1+ 54.
Kc5 Qh5+ 55. Kb6 Qg6+ 56. Ka5 Qg5+ 57. b5 Qd8+ 58. Ka6 Qd6+ 59. b6 Qd3+ 60. Kb7 Qd5+ 61. Kb8 Qd8+ 62. Kb7 Qd5+ 63. Kb8 Qd8+ 64. Kb7 Qd5+ 1/2-1/2

[Event "*** Titled Tuesday Blitz"]
[Site "Chess.com"]
[Date "2019.08.06"]
[Round "3"]
[White "SaraciNderim"]
[Black "vlad10898"]
[Result "0-1"]
[WhiteElo "2819"]
[BlackElo "2639"]
[TimeControl "180+2"]
[EndTime "13:38:17 PDT"]
[Termination "vlad10898 won by resignation"]

1. d4 Nf6 2. Nf3 g6 3. g3 Bg7 4.
Bg2 O-O 5. O-O d6 6. c4 Nc6 7. Nc3 e5 8. dxe5 dxe5 9. Qxd8 Rxd8 10. Bg5 Be6 11. Nd2 h6 12. Bxf6 Bxf6 13. Nd5 Bxd5 14.
cxd5 Ne7 15. e4 c6 16. Rfd1 cxd5 17. exd5 Nxd5 18. Bxd5 Rxd5 19. Ne4 Rxd1+ 20. Rxd1 Bd8 21. Rd7 Bb6 22. Rxb7 Rd8 23. Kf1 Rd4 24. Nf6+ Kg7 25. Nd7 Rd2 26. Nxb6 Rxb2 27. Rxa7 Rxb6 28. a4 Rb2 29. a5 Ra2 30. a6 h5 31. h4 e4 32.
Ra8 Kf6 33. Ra7 Ke6 34. Ke1 Kf6 35. Ra8 Kg7 36. a7 Kf6 37. Kd1 Kf5 38. Kc1 Kg4 39. Re8 Rxa7 40. Rxe4+ Kf3 41. Rf4+ Ke2 42. Rf6 Rc7+ 43.
Kb2 Kd3 44. Kb1 Ke4 45. Kb2 Ke5 46. Rb6 Kf5 47. Rb4 f6 48. Rb5+ Kg4 49. Rb6 Rf7 50.
Rb4+ Kh3 51. Kc2 g5 52. Kd3 Re7 53. Rb5 Kg4 54. Rb6 Kf5 55. f3 gxh4 56. Rb5+ Re5 57.
Rxe5+ Kxe5 58. gxh4 Kf4 59. Ke2 Kg3 60. Ke3 Kxh4 61.
Kf4 Kh3 62. Kf5 Kg3 63. Kxf6 h4 64. Kg5 h3 65. f4 h2 66. f5 h1=Q 67. f6 Qh8 0-1

[Event "*** Titled Tuesday Blitz"]
[Site "Chess.com"]
[Date "2019.08.06"]
[Round "3"]
[White "daro94"]
[Black "Evgeny81"]
[Result "1-0"]
[WhiteElo "2706"]
[BlackElo "2555"]
[TimeControl "180+2"]
[EndTime "13:38:17 PDT"]
[Termination "daro94 won by resignation"]

1. Nf3 d5 2. d4 Nf6 3. e3 Bg4 4.
Nbd2 e6 5. h3 Bh5 6. g4 Bg6 7.
Ne5 Nfd7 8. Nxg6 hxg6 9. c4 c6 10. Bg2 Na6 11. O-O Nc7 12. b3 f5 13. f4 b5 14. g5 bxc4 15. bxc4 Nb6 16. c5 Nd7 17. Nf3 Nb5 18. Qc2 Qa5 19. a4 Nc7 20. Bd2 Qa6 21.
Rfb1 Be7 22. Qb3 Kf7 23. Qb7 Qxb7 24. Rxb7 Rhc8 25. Bf1 Bd8 26. h4 Ke8 27. Bd3 Rcb8 28. Rab1 Rxb7 29. Rxb7 a5 30. Bc3 Na6 31. Bxa6 Rxa6 32.
Nd2 Ra8 33. Nb3 Ra6 34. Kg2 Ra8 35. Kf3 Ra6 36. Ke2 Ra8 37. Be1 Ra6 38. Kd1 Ra8 39. Kc2 Ra6 40. Nc1 Ra8 41. Ne2 Ra6 42. Ng3 Ra8 43.
h5 gxh5 44. Nxh5 g6 45. Ng3 Ra6 46. Ne2 Ra8 47. Ng1 e5 48. fxe5 Bxg5 49. Kd3 Be7 50. Nf3 Nf8 51. Bh4 Bxh4 52. Nxh4 Rc8 53. Ke2 Ra8 54. Kf3 Rc8 55. Rg7 Rb8 56. Nxg6 Nxg6 57.
Rxg6 Rb4 58. Rxc6 Rxa4 59. Ra6 Ra1 60. Kf4 a4 61. Kxf5 a3 62. Ke6 Kd8 63. Kd6 Kc8 64.
e6 1-0

[Event "*** Titled Tuesday Blitz"]
[Site "Chess.com"]
[Date "2019.08.06"]
[Round "3"]
[White "penguingm1"]
[Black "M1711"]
[Result "0-1"]
[WhiteElo "3013"]
[BlackElo "2535"]
[TimeControl "180+2"]
[EndTime "13:38:18 PDT"]
[Termination "M1711 won by resignation"]

1. d4 Nf6 2. c4 g6 3. f3 Bg7 4. e4 d6 5. Nc3 O-O 6. Nge2 c5 7.
d5 e6 8. Ng3 exd5 9. cxd5 a6 10. a4 Nbd7 11. Be2 h5 12. Bg5 Qa5 13. Ra3 Nh7 14. Be7 Qc7 15. Bxf8 Ndxf8 16. Qd2 h4 17. Nf1 f5 18. exf5 Bxf5 19. Ne3 Bd7 20. O-O Re8 21.
Kh1 Nf6 22. Bd3 Bc8 23. Ne4 Nh5 24. Nc4 Rd8 25. Qg5 b5 26. axb5 axb5 27. Ncxd6 Rxd6 28. Nxd6 Qxd6 29. Bxb5 Bf6 30. Qe3 Bd4 31. Qe4 Qf6 32.
Qe8 Bf5 33. Ra6 Qh8 34. Qxf8+ Kxf8 35. Ra8+ Ke7 36. Rxh8 Bxh8 37. b3 Nf4 38. Bc4 Kd6 39.
g3 hxg3 40. hxg3 Nxd5 41. Re1 Be5 42. Kg2 Bc2 43. f4 Bd4 44. Re8 Ne3+ 45. Kf3 Nxc4 46. bxc4 Bd3 47. Rg8 Ke7 48. g4 Kf7 49. Rc8 Bxc4 50.
Ke4 Be6 51. Rc7+ Ke8 52. Rc6 Kd7 53. Ra6 Bxg4 54. Rxg6 Bd1 55. Rh6 Bc2+ 56. Kd5 Ke7 57. Rh2 Bb3+ 58. Ke4 Bg7 59. Rg2 Kf7 60. Rd2 c4 61.
Rd7+ Kf8 62. Rc7 Bf6 63. Kf5 Ba1 64. Kg6 c3 65. f5 c2 66. f6 Ke8 67. Kf5 Bb2 68.
f7+ Kf8 69. Kg6 c1=Q 0-1

[Event "*** Titled Tuesday Blitz"]
[Site "Chess.com"]
[Date "2019.08.06"]
[Round "3"]
[White "Caisachess"]
[Black "Spring199"]
[Result "0-1"]
[WhiteElo "2299"]
[BlackElo "2212"]
[TimeControl "180+2"]
[EndTime "13:38:24 PDT"]
[Termination "Spring199 won by resignation"]

1. e4 e5 2. Nf3 Nc6 3. Bc4 Bc5 4. d3 Nf6 5. c3 a6 6. Bb3 Ba7 7. h3 h6 8. Nbd2 O-O 9. O-O d6 10. Re1 Ne7 11. Nh4 Be6 12. Qf3 Bxb3 13. axb3 Ng6 14. Nf5 Kh7 15. g4 d5 16. Nf1 dxe4 17. dxe4 Ng8 18. Be3 Bxe3 19. N1xe3 Nf4 20. Rad1 Qf6 21. Ng2 Nxg2 22. Kxg2 g6 23. Ne3 Qxf3+ 24. Kxf3 Nf6 25. Nd5 Nxd5 26. Rxd5 Rad8 27. Rxe5 Rd2 28. Re2 Rd7 29. Rd5 Re7 30. Red2 Rfe8 31. Rd7 Kg8 32. Rxe7 Rxe7 33. b4 Kg7 34. Rd8 Kf6 35. Ke3 Kg5 36. Rb8 b6 37. Ra8 Kh4 38. Rxa6 Kxh3 39. f3 h5 40. g5 h4 41. Kf2 Rd7 42. Ra1 Kh2 43. f4 Rd2+ 44. Kf3 Rxb2 45. f5 Rg2 46. Kf4 h3 47. Rd1 Rf2+ 48. Kg4 Kg2 49. Rd3 h2 50. Rg3+ Kf1 51.
Rh3 Kg1 52. Rg3+ Rg2 0-1

[Event "*** Titled Tuesday Blitz"]
[Site "Chess.com"]
[Date "2019.08.06"]
[Round "3"]
[White "GHANDEEVAM2003"]
[Black "Adham_Fawzy"]
[Result "1-0"]
[WhiteElo "2958"]
[BlackElo "2722"]
[TimeControl "180+2"]
[EndTime "13:38:25 PDT"]
[Termination "GHANDEEVAM2003 won by checkmate"]

1. Nf3 d5 2. c4 c6 3. e3 Nf6 4.
Nc3 e6 5. b3 Nbd7 6. Bb2 Bd6 7.
Qc2 Qe7 8. Rg1 e5 9. cxd5 cxd5 10. Nb5 O-O 11. Nxd6 Qxd6 12. d4 exd4 13. Bxd4 Ne4 14. O-O-O Ndf6 15. Bd3 Bf5 16. Qb2 Ng4 17. Rgf1 f6 18. h3 Nh6 19. g4 Bg6 20. Nh4 Bf7 21. Bxe4 dxe4 22. g5 fxg5 23. Bxg7 Qc6+ 24. Kb1 gxh4 25.
Rg1 Bg6 26. Bxh6 Rf7 27. Rg4 Qf6 28. Bf4 Qxb2+ 29. Kxb2 a5 30. a4 Rf5 31. Rd4 b5 32. Rxe4 Rd5 33. axb5 Rxb5 34. Ra4 Ra7 35. Rg5 Rab7 36.
Rxb5 Rxb5 37. Kc3 Bf7 38. Ra3 Be6 39. Bd6 Bxh3 40. Be7 Rh5 41. Ra1 Be6 42. Rh1 h3 43.
e4 Rb5 44. b4 Kf7 45. Bd6 Rb6 46.
Bc5 axb4+ 47. Bxb4 Rc6+ 48. Kd3 Rc4 49. Bc3 Ra4 50. f4 Bg4 51. Ke3 Ra3 52. Kd4 Ra4+ 53. Ke3 Ra3 54. Kd3 Ra2 55. f5 Rg2 56. Be5 Rf2 57.
Ke3 Rf3+ 58. Kd4 h5 59. Ra1 Rf2 60. Ra7+ Ke8 61. Kd5 h2 62. Ke6 Kd8 63. Ra8# 1-0

[Event "*** Titled Tuesday Blitz"]
[Site "Chess.com"]
[Date "2019.08.06"]
[Round "3"]
[White "wonderfultime"]
[Black "giantslayer83"]
[Result "0-1"]
[WhiteElo "2872"]
[BlackElo "2641"]
[TimeControl "180+2"]
[EndTime "13:38:25 PDT"]
[Termination "giantslayer83 won on time"]

1. d4 Nf6 2. Nf3 e6 3. Bf4 c5 4. c3 b6 5. e3 Bb7 6. Bd3 d6 7. O-O Nbd7 8. h3 Be7 9. Nbd2 O-O 10. a4 a6 11. Bh2 cxd4 12. cxd4 Nd5 13. Qb3 a5 14.
Rfc1 Nb4 15. Bb5 Nf6 16. Qd1 Ne4 17. Nxe4 Bxe4 18. Nd2 Bg6 19. Bf1 Rc8 20. Rxc8 Qxc8 21. Rc1 Qb7 22. Nc4 Rd8 23. Na3 Rc8 24. Nb5 d5 25. Rc3 h6 26. Qc1 Rc6 27. Rxc6 Qxc6 28. Qxc6 Nxc6 29. Bc7 Bd8 30. Bxd8 Nxd8 31. Nd6 Nc6 32.
Nc8 Kf8 33. Bb5 Nb4 34. Nxb6 Ke7 35. Nd7 Bd3 36. Nc5 Bxb5 37. axb5 Kd6 38. Kf1 Kc7 39. Ke2 Kb6 40. Nd7+ Kxb5 41. Ne5 f6 42. Ng6 Na6 43. Nf4 Nc7 44. Kd2 Kb4 45. Kc2 a4 46. g4 Kc4 47. Nh5 Ne8 48. f4 g6 49. Ng3 Nd6 50. h4 f5 51. g5 h5 52. Ne2 Ne4 53. Nc1 Nf2 54. b3+ axb3+ 55. Nxb3 Ng4 56. Nc5 Nxe3+ 57. Kd2 Kxd4 58. Nxe6+ Ke4 59. Nf8 Nc4+ 60. Ke2 d4 61. Nxg6 d3+ 62. Kf2 Nb2 63. Ne5 d2 0-1

[Event "*** Titled Tuesday Blitz"]
[Site "Chess.com"]
[Date "2019.08.06"]
[Round "3"]
[White "aa175"]
[Black "leclash"]
[Result "0-1"]
[WhiteElo "2302"]
[BlackElo "2214"]
[TimeControl "180+2"]
[EndTime "13:38:25 PDT"]
[Termination "leclash won by resignation"]

1. Nf3 d5 2. d4 Nf6 3. Bf4 Bf5 4. e3 e6 5. Nbd2 h6 6. c3 Bd6 7. Bg3 Nbd7 8. Qb3 b6 9. Bb5 O-O 10. O-O Qe7 11. Ne5 Bxe5 12. dxe5 Nh5 13. Bxd7 Nxg3 14. hxg3 Qxd7 15. Nf3 c5 16. a4 Rfd8 17. Rfd1 Bg4 18.
Qb5 Qc7 19. a5 Rab8 20. axb6 axb6 21. Ra6 Bxf3 22. gxf3 Qxe5 23. Rxb6 Rxb6 24. Qxb6 Rb8 25. Qxc5 Rxb2 26. c4 Qc3 27. Qe7 Qc2 28. Rf1 dxc4 29. Qe8+ Kh7 30. Qxf7 c3 31. Qxe6 Rb1 32. e4 Rxf1+ 33.
Kxf1 Qd3+ 34. Kg2 c2 35. Qf5+ Kg8 36. Qe6+ Kf8 37. Qf5+ Ke7 38. Qe5+ Kd8 39. Qb8+ Kd7 40.
Qb7+ Ke6 41. Qc6+ Ke5 42. Qc5+ Ke6 43. Qc6+ Ke7 44. Qc7+ Kf8 45. Qc5+ Kf7 46. Qf5+ Ke7 47. Qc5+ Kd7 48. Qa7+ Kc6 49. Qa4+ Kc5 50. Qa5+ Kc4 51.
Qa6+ Kc3 52. Qa5+ Kb2 53. Qb4+ Qb3 54. Qd4+ Kb1 55. Qxg7 c1=Q 56. e5 Qcc3 57. Qg6+ Ka1 58. Qa6+ Kb2 59. Qxh6 Qxf3+ 60. Kh3 Qh1+ 61. Kg4 Qxh6 62. f4 0-1

[Event "*** Titled Tuesday Blitz"]
[Site "Chess.com"]
[Date "2019.08.06"]
[Round "3"]
[White "Misha_Bilous"]
[Black "nikitakhoroshev"]
[Result "0-1"]
[WhiteElo "2441"]
[BlackElo "2598"]
[TimeControl "180+2"]
[EndTime "13:38:28 PDT"]
[Termination "nikitakhoroshev won by resignation"]

1. d4 Nf6 2. c4 e6 3. Nf3 b6 4. g3 Bb7 5. Bg2 Bb4+ 6. Bd2 Be7 7. O-O O-O 8. Bg5 h6 9. Bxf6 Bxf6 10.
Qc2 g6 11. Nc3 Bg7 12. d5 e5 13. e4 d6 14. Ne1 f5 15. exf5 gxf5 16. f4 e4 17. Qd2 Nd7 18. Nc2 Qf6 19. Ne3 Nc5 20.
Bh3 Bc8 21. Nb5 Rf7 22. Rab1 Nd3 23. b3 a6 24. Na3 Bd7 25. Nac2 Re8 26. Ne1 Qc3 27.
Qxc3 Bxc3 28. N1g2 b5 29. Rfd1 Bd4 30. Kf1 Rb8 31. Ke2 Rff8 32. Nh4 Bxe3 33. Kxe3 Nb4 34. Rd2 bxc4 35. bxc4 Nc2+ 36. Rxc2 Rxb1 37. Ng2 Ba4 38. Rd2 Rc1 39. Kd4 Bd7 40. Ne3 Kg7 41. Rb2 Bc8 42.
Rb8 Re1 43. Ra8 Re2 44. Ra7 Rd2+ 45. Kc3 Rd3+ 46. Kc2 Rxe3 47. Rxc7+ Kf6 48. c5 dxc5 49. d6 Rd3 50. Rc6 Bd7 51. Rxa6 Ke6 52. Bf1 Rxd6 53.
Bc4+ Ke7 54. Ra5 e3 55. Rxc5 Rc6 56. Re5+ Be6 57. Rxe3 Rxc4+ 58. Kd2 Rd8+ 59. Ke1 Rc1+ 60. Kf2 Rd2+ 0-1

[Event "*** Titled Tuesday Blitz"]
[Site "Chess.com"]
[Date "2019.08.06"]
[Round "3"]
[White "EugeneRougon"]
[Black "Ravan_02"]
[Result "1-0"]
[WhiteElo "2665"]
[BlackElo "2600"]
[TimeControl "180+2"]
[EndTime "13:38:32 PDT"]
[Termination "EugeneRougon won by resignation"]

1. e4 e5 2. Nf3 Nc6 3. Bb5 a6 4. Ba4 Nf6 5. d3 d6 6. O-O g6 7. d4 Bd7 8. d5 Ne7 9. Bxd7+ Qxd7 10. Re1 Bg7 11. c4 O-O 12. Nc3 h6 13. c5 Ne8 14.
cxd6 cxd6 15. Be3 f5 16. exf5 gxf5 17. Qd2 Kh7 18. g3 Ng6 19. Qe2 Nf6 20. Rac1 b5 21.
a3 Rac8 22. h4 Rc4 23. Nd2 Rg4 24. Kh2 f4 25. Bb6 fxg3+ 26. fxg3 Nh5 27. Nce4 Nxg3 28. Nxg3 Rxh4+ 29. Kg1 Nf4 30. Qe4+ Kh8 31. Rc7 Qh3 32. Ndf1 Nh5 33. Qg2 Nxg3 34. Nxg3 Qg4 35. Ne4 Qxg2+ 36. Kxg2 Rg4+ 37. Kh3 Rg6 38. Rd7 Rf5 39. Ng3 Rf3 40. Rg1 e4 41. Rd8+ Kh7 42. Rd7 Kg8 43. Rd8+ Kf7 44. Rd7+ Ke8 45. Rd8+ Ke7 46. Rg8 Kf7 47.
Rxg7+ Rxg7 48. Kh2 h5 49. Bd4 Rg4 50. Ne2 Rxg1 51.
Kxg1 Rd3 52. Kf2 Kg6 53. Nf4+ Kf5 54. Nxd3 exd3 55. Ke3 h4 56. Kxd3 h3 57. Bg1 Ke5 58. Bh2+ Kxd5 59. b4 Kc6 60. Kd4 a5 61. Bg3 Kd7 62.
Kd5 Kc7 63. Bxd6+ Kb6 64. Bh2 Ka6 65. Kc6 Ka7 66. Kxb5 axb4 67. axb4 1-0